Staline vs Influenza (R1)

Created - 4 novembre 2012 at 19:21

Simulating a Pre-Season

Goals
1 2 3 T
Staline 1 1 0 2
Influenza 1 5 2 8
Shots
1 2 3 T
Staline 5 12 7 24
Influenza 15 24 10 49

1st period

1. Staline , J.T. Wyman 2 (Josh Green) at 14:30
2. Influenza , Ryan Carter 3 (Blake Comeau, Jaime Sifers) at 18:06

Penalties :
Robbie Earl (VJB) for Hooking (Minor) at 11:01, J.T. Wyman (StJ) for Tripping (Minor) at 18:56

2nd period

3. Influenza , Justin Abdelkader 4 (Blake Comeau, Ryan Carter) at 10:52
4. Influenza , Jamie McBain 1 (Martins Karsums, Rob Schremp) at 12:53
5. Influenza , Justin Abdelkader 5 (Blake Comeau, Lasse Kukkonen) at 13:09
6. Influenza , Lasse Kukkonen 3 (Ryan Vesce, Tim Gleason) at 14:30
7. Staline , Jamie Lundmark 2 (Robert Dome, Cam Janssen) at 16:17
8. Influenza , Justin Abdelkader 6 (Ryan Carter, Blake Comeau) at 18:56

Penalties :
Rob Schremp (VJB) for Hooking (Minor) at 4:39, Cam Janssen (StJ) for Hooking (Minor) at 4:39

3rd period

9. Influenza , Justin Abdelkader 7 (Ryan Carter, Lasse Kukkonen) at 10:38 (PP)
10. Influenza , Justin Abdelkader 8 (Blake Comeau) at 13:53 (PP)

Penalties :
J.T. Wyman (StJ) for Hooking (Minor) at 2:33, J.T. Wyman (StJ) for Tripping (Minor) at 10:23, Matt Carle (StJ) for Slashing (Minor) at 13:44

Goalie Stats

Erik Ersberg (StJ), 41 saves from 49 shots - (0,837), L, 2-2-0, 60:00 minutes
Alex Stalock (VJB), 22 saves from 24 shots - (0,917), W, 3-1-0, 60:00 minutes

Players Stats for Staline

Player Name              G  A  P  +/- PIM S  H  SB GA TA FO     MP     PP MP  PK MP  
------------------------------------------------------------------------------------
Brock Trotter            0  0  0   0  0   4  0  0  0  0  0/2    14:00   0:00   0:17 
Cam Janssen              0  1  1  -2  2   0  1  1  0  0  1/2    18:14   0:55   0:00 
Eric Hunter              0  0  0   0  0   0  0  0  0  0  0/0     0:00   0:00   0:00 
J.T. Wyman               1  0  1  -1  6   1  1  0  1  0  0/1    17:21   1:04   0:00 
Jamie Lundmark           1  0  1  -3  0   4  1  0  1  3  18/34  26:51   0:55   3:06 
Jean-François Jacques    0  0  0  -1  0   0  2  0  0  0  0/0     5:50   0:00   0:18 
Josh Green               0  1  1  -1  0   1  4  0  0  0  0/0    18:46   1:04   0:58 
Mark Stuart              0  0  0  -5  0   1  0  2  1  3  0/0    25:54   1:05   2:52 
Matt Carle               0  0  0  -5  2   1  2  2  0  2  0/0    25:44   1:05   2:43 
Matt Generous            0  0  0  -1  0   0  0  0  0  0  0/0    10:08   0:00   0:09 
Maxime Fortunus          0  0  0  -1  0   0  0  0  0  0  0/0     9:59   0:00   0:00 
Mike Sauer               0  0  0   2  0   0  0  0  0  0  0/0     5:07   0:00   0:00 
Nathan Smith             0  0  0   0  0   5  0  0  1  0  2/7    13:26   0:00   0:00 
Nolan Baumgartner        0  0  0   0  0   2  2  1  0  1  0/0    19:00   0:54   1:30 
Raymond Sawada           0  0  0   0  0   0  0  0  0  1  0/0    12:28   0:00   0:00 
Robby Dee                0  0  0   0  0   0  0  0  0  0  0/0     0:00   0:00   0:00 
Robert Dome              0  1  1  -2  0   4  0  0  1  0  2/4    19:17   0:55   0:58 
Simon Danis-Pepin        0  0  0   2  0   0  0  0  0  0  0/0     5:07   0:00   0:00 
T.J. Fast                0  0  0   0  0   0  0  1  1  0  0/0    19:00   0:54   1:30 
Todd Marchant            0  0  0  -1  0   1  3  3  1  1  4/9    21:50   1:04   3:07 
Tomas Kana               0  0  0  -1  0   0  0  0  0  0  1/2     5:32   0:00   0:00 

Players Stats for Influenza

Player Name              G  A  P  +/- PIM S  H  SB GA TA FO     MP     PP MP  PK MP  
------------------------------------------------------------------------------------
Alexander Sulzer         0  0  0   2  0   1  3  1  0  1  0/0    20:16   1:30   0:52 
Blake Comeau             0  5  5   4  0   3  2  0  3  0  0/2    19:32   2:50   0:33 
Carl Gunnarsson          0  0  0   0  0   0  0  0  0  0  0/0    11:11   0:00   0:00 
Charles Linglet          0  0  0   1  0   2  1  0  0  0  0/0    10:50   0:00   0:28 
Cody McCormick           0  0  0  -1  0   2  1  2  0  1  4/5    13:04   0:00   0:28 
Colton Orr               0  0  0  -1  0   1  2  1  0  0  0/1    14:01   1:32   0:33 
Jaime Sifers             0  1  1   2  0   0  1  2  0  2  0/0    20:16   1:30   0:52 
Jamie McBain             1  0  1   0  0   1  1  0  0  0  0/0    11:11   0:00   0:00 
Justin Abdelkader        5  0  5   4  0   10 1  1  1  0  0/3    18:36   2:50   0:00 
Lasse Kukkonen           1  2  3   2  0   7  4  0  1  0  0/0    28:33   2:52   1:07 
Marek Zagrapan           0  0  0   1  0   0  0  0  0  0  6/7     9:55   0:00   0:00 
Martins Karsums          0  1  1   0  0   5  1  0  0  0  0/0    14:38   0:00   0:00 
Rob Schremp              0  1  1   0  2   3  3  0  1  0  4/7    16:32   1:32   0:58 
Robbie Earl              0  0  0   0  2   4  0  0  0  0  0/0    15:32   1:32   0:00 
Ryan Carter              1  3  4   4  0   5  3  0  1  0  19/35  20:46   2:50   0:58 
Ryan Russell             0  0  0  -1  0   0  1  0  0  0  0/0    11:33   0:00   0:00 
Ryan Vesce               0  1  1   1  0   1  1  0  1  0  0/1    11:01   0:00   0:00 
Tim Gleason              0  1  1   2  0   4  4  2  3  3  0/0    28:33   2:52   1:07 

3 Stars

1 - Justin Abdelkader (VJB)
2 - Ryan Carter (VJB)
3 - Blake Comeau (VJB)

Power Play

Staline - 0 on 1 Attempt(s) - 0,00%
Influenza - 2 on 4 Attempt(s) - 50,00%

Penalty Kill

Staline - 2 on 4 Attempt(s) - 50,00% - Score 0 goal in Penalty Kill
Influenza - 1 on 1 Attempt(s) - 100,00% - Score 0 goal in Penalty Kill

Official

Referees : StLaurent Francois and Kozari Steve
Linesman : Pierre Champoux and Bryan Pancich

Game Notes

Justin Abdelkader has scored a Hat Trick!

Staline

5 vs 5 Forward 
   Center                   Left Wing                Right Wing               Time % Phy DF OF 
 1 Jamie Lundmark           Robert Dome              Cam Janssen              40     1   2  2  
 2 Todd Marchant            Josh Green               J.T. Wyman               30     1   2  2  
 3 Nathan Smith             Brock Trotter            Raymond Sawada           20     1   2  2  
 4 Tomas Kana               Jean-François Jacques    Jamie Lundmark           10     1   2  2  

5 vs 5 Defense 
   Defense                  Defense                                           Time % Phy DF OF 
 1 Mark Stuart              Matt Carle                                        40     1   2  2  
 2 Nolan Baumgartner        T.J. Fast                                         30     1   2  2  
 3 Maxime Fortunus          Matt Generous                                     20     1   2  2  
 4 Mike Sauer               Simon Danis-Pepin                                 10     1   2  2  

PowerPlay Forward 
   Center                   Left Wing                Right Wing               Time % Phy DF OF 
 1 Jamie Lundmark           Robert Dome              Cam Janssen              60     1   2  2  
 2 Todd Marchant            Josh Green               J.T. Wyman               40     1   2  2  

PowerPlay Defense
   Defense                  Defense                                           Time % Phy DF OF 
 1 Mark Stuart              Matt Carle                                        60     1   2  2  
 2 Nolan Baumgartner        T.J. Fast                                         40     1   2  2  

Penalty Kill 4 Players Forward 
   Center                   Wing                     Time % Phy DF OF 
 1 Jamie Lundmark           Todd Marchant            60     1   2  2  
 2 Robert Dome              Josh Green               40     1   2  2  

Penalty Kill 4 Players Defense
   Defense                  Defense                  Time % Phy DF OF 
 1 Mark Stuart              Matt Carle               60     1   2  2  
 2 Nolan Baumgartner        T.J. Fast                40     1   2  2  

Penalty Kill - 3 Players Forward 
   Forward                                           Time % Phy DF OF 
 1 Jamie Lundmark                                    60     1   2  2  
 2 Todd Marchant                                     40     1   2  2  

Penalty Kill - 3 Players Defense
   Defense                  Defense                  Time % Phy DF OF 
 1 Mark Stuart              Matt Carle               60     1   2  2  
 2 Nolan Baumgartner        T.J. Fast                40     1   2  2  

4 vs 4 Forward 
   Center                   Wing                     Time % Phy DF OF 
 1 Jamie Lundmark           Todd Marchant            60     1   2  2  
 2 Robert Dome              Josh Green               40     1   2  2  

4 vs 4 Defense
   Defense                  Defense                  Time % Phy DF OF 
 1 Mark Stuart              Matt Carle               60     1   2  2  
 2 Nolan Baumgartner        T.J. Fast                40     1   2  2  

Last Minutes Offensive
   Center                   Left Wing                Right Wing               Defense                  Defense                  
   Jamie Lundmark           Robert Dome              Cam Janssen              Mark Stuart              Matt Carle               

Last Minutes Defensive
   Center                   Left Wing                Right Wing               Defense                  Defense                  
   Jamie Lundmark           Robert Dome              Cam Janssen              Mark Stuart              Matt Carle               

Goaltenders
Starting : Erik Ersberg             
Backup : Tobias Stephan           

Extra Forwards
Normal : Brock Trotter, Nathan Smith, Jean-François Jacques - PP : Brock Trotter, Nathan Smith - PK : Jean-François Jacques
Extra Defensemen
Normal : Maxime Fortunus, Matt Generous, Mike Sauer - PP : Maxime Fortunus - PK : Matt Generous, Mike Sauer
Penalty Shots
Jamie Lundmark, Todd Marchant, Robert Dome, Josh Green, Cam Janssen

Influenza

5 vs 5 Forward 
   Center                   Left Wing                Right Wing               Time % Phy DF OF 
 1 Ryan Carter              Justin Abdelkader        Blake Comeau             40     1   2  2  
 2 Rob Schremp              Robbie Earl              Martins Karsums          30     1   2  2  
 3 Cody McCormick           Ryan Russell             Colton Orr               20     1   2  2  
 4 Marek Zagrapan           Charles Linglet          Ryan Vesce               10     1   2  2  

5 vs 5 Defense 
   Defense                  Defense                                           Time % Phy DF OF 
 1 Lasse Kukkonen           Tim Gleason                                       40     1   2  2  
 2 Jaime Sifers             Alexander Sulzer                                  30     1   2  2  
 3 Jamie McBain             Carl Gunnarsson                                   20     1   2  2  
 4 Lasse Kukkonen           Tim Gleason                                       10     1   2  2  

PowerPlay Forward 
   Center                   Left Wing                Right Wing               Time % Phy DF OF 
 1 Ryan Carter              Justin Abdelkader        Blake Comeau             60     1   2  2  
 2 Rob Schremp              Robbie Earl              Colton Orr               40     1   2  2  

PowerPlay Defense
   Defense                  Defense                                           Time % Phy DF OF 
 1 Lasse Kukkonen           Tim Gleason                                       60     1   2  2  
 2 Jaime Sifers             Alexander Sulzer                                  40     1   2  2  

Penalty Kill 4 Players Forward 
   Center                   Wing                     Time % Phy DF OF 
 1 Ryan Carter              Rob Schremp              60     1   2  2  
 2 Blake Comeau             Colton Orr               40     1   2  2  

Penalty Kill 4 Players Defense
   Defense                  Defense                  Time % Phy DF OF 
 1 Lasse Kukkonen           Tim Gleason              60     1   2  2  
 2 Jaime Sifers             Alexander Sulzer         40     1   2  2  

Penalty Kill - 3 Players Forward 
   Forward                                           Time % Phy DF OF 
 1 Ryan Carter                                       60     1   2  2  
 2 Rob Schremp                                       40     1   2  2  

Penalty Kill - 3 Players Defense
   Defense                  Defense                  Time % Phy DF OF 
 1 Lasse Kukkonen           Tim Gleason              60     1   2  2  
 2 Jaime Sifers             Alexander Sulzer         40     1   2  2  

4 vs 4 Forward 
   Center                   Wing                     Time % Phy DF OF 
 1 Ryan Carter              Rob Schremp              60     1   2  2  
 2 Blake Comeau             Colton Orr               40     1   2  2  

4 vs 4 Defense
   Defense                  Defense                  Time % Phy DF OF 
 1 Lasse Kukkonen           Tim Gleason              60     1   2  2  
 2 Jaime Sifers             Alexander Sulzer         40     1   2  2  

Last Minutes Offensive
   Center                   Left Wing                Right Wing               Defense                  Defense                  
   Ryan Carter              Justin Abdelkader        Blake Comeau             Lasse Kukkonen           Tim Gleason              

Last Minutes Defensive
   Center                   Left Wing                Right Wing               Defense                  Defense                  
   Ryan Carter              Justin Abdelkader        Blake Comeau             Lasse Kukkonen           Tim Gleason              

Goaltenders
Starting : Alex Stalock             
Backup : Brent Krahn              

Extra Forwards
Normal : Martins Karsums, Ryan Vesce, Cody McCormick - PP : Martins Karsums, Ryan Vesce - PK : Cody McCormick
Extra Defensemen
Normal : Jamie McBain, Carl Gunnarsson, Jaime Sifers - PP : Jamie McBain - PK : Carl Gunnarsson, Jaime Sifers
Penalty Shots
Ryan Carter, Rob Schremp, Blake Comeau, Colton Orr, Justin Abdelkader

% Time on Ice - Staline

Lines # - Real PCT - Wanted PCT - Time Play
Normal Forward
1 - 34% - 40% - 17:20
2 - 32% - 30% - 16:20
3 - 24% - 20% - 12:28
4 - 11% - 10% - 5:32
Normal Defense
1 - 41% - 40% - 21:02
2 - 30% - 30% - 15:32
3 - 19% - 20% - 9:59
4 - 10% - 10% - 5:07
PP Forward
1 - 46% - 60% - 0:55
2 - 54% - 40% - 1:04
PP Defense
1 - 55% - 60% - 1:05
2 - 45% - 40% - 0:54
PK Forward
1 - 78% - 60% - 3:24
2 - 22% - 40% - 0:58
PK Defense
1 - 66% - 60% - 2:52
2 - 34% - 40% - 1:30
PK3 Forward
1 - 0% - 60%
2 - 0% - 40%
PK3 Defense
1 - 0% - 60%
2 - 0% - 40%
44 Forward
1 - 80% - 60% - 1:35
2 - 20% - 40% - 0:24
44 Defense
1 - 46% - 60% - 0:55
2 - 54% - 40% - 1:04
Last Minute Offensive  - 0:00
Last Minute Defensive  - 0:00
Total
Forward - 60:00
Defense - 60:00

% Time on Ice - Influenza

Lines # - Real PCT - Wanted PCT - Time Play
Normal Forward
1 - 31% - 40% - 16:11
2 - 27% - 30% - 14:01
3 - 22% - 20% - 11:33
4 - 19% - 10% - 9:55
Normal Defense
1 - 40% - 40% - 20:36
2 - 33% - 30% - 17:12
3 - 22% - 20% - 11:11
4 - 5% - 10% - 2:41
PP Forward
1 - 65% - 60% - 2:50
2 - 35% - 40% - 1:32
PP Defense
1 - 66% - 60% - 2:52
2 - 34% - 40% - 1:30
PK Forward
1 - 72% - 60% - 1:26
2 - 28% - 40% - 0:33
PK Defense
1 - 56% - 60% - 1:07
2 - 44% - 40% - 0:52
PK3 Forward
1 - 0% - 60%
2 - 0% - 40%
PK3 Defense
1 - 0% - 60%
2 - 0% - 40%
44 Forward
1 - 100% - 60% - 1:59
2 - 0% - 40% - 0:00
44 Defense
1 - 65% - 60% - 1:17
2 - 35% - 40% - 0:42
Last Minute Offensive  - 0:00
Last Minute Defensive  - 0:00
Total
Forward - 60:00
Defense - 60:00

Play by Play

1st period


0:01 of 1st period - Jamie Lundmark wins face-off versus Justin Abdelkader in neutral zone.
0:14 of 1st period - Snap shot by Ryan Carter.
0:14 of 1st period - Shot Blocked by Matt Carle.
0:34 of 1st period - Wrist shot by Martins Karsums.
0:34 of 1st period - Shot Misses the Net.
0:36 of 1st period - Snap shot by Tim Gleason.
0:36 of 1st period - Shot Misses the Net.
0:58 of 1st period - Slapshot by Matt Carle.
0:58 of 1st period - Shot Misses the Net.
1:31 of 1st period - Icing by Jaime Sifers.
1:32 of 1st period - Marek Zagrapan wins face-off versus J.T. Wyman in Influenza zone.
1:48 of 1st period - Slapshot by Ryan Carter.
1:48 of 1st period - Stopped by Erik Ersberg without a rebound.
1:49 of 1st period - Jamie Lundmark wins face-off versus Rob Schremp in Staline zone.
2:04 of 1st period - Slapshot by Rob Schremp.
2:04 of 1st period - Stopped by Erik Ersberg with a rebound.
2:16 of 1st period - Nathan Smith is hit by Ryan Carter and loses puck.
2:21 of 1st period - Slapshot by Blake Comeau.
2:21 of 1st period - Stopped by Erik Ersberg without a rebound.
2:22 of 1st period - Todd Marchant wins face-off versus Ryan Carter in Staline zone.
2:53 of 1st period - Slapshot by Lasse Kukkonen.
2:53 of 1st period - Shot Misses the Net.
2:55 of 1st period - Snap shot by Rob Schremp.
2:55 of 1st period - Stopped by Erik Ersberg with a rebound.
2:57 of 1st period - Slapshot by Lasse Kukkonen.
2:57 of 1st period - Shot Blocked by Cam Janssen.
3:11 of 1st period - Slapshot by T.J. Fast.
3:11 of 1st period - Shot Blocked by Colton Orr.
3:13 of 1st period - Snap shot by Nathan Smith.
3:13 of 1st period - Shot Misses the Net.
3:15 of 1st period - Snap shot by Nathan Smith.
3:15 of 1st period - Stopped by Alex Stalock with a rebound.
3:44 of 1st period - Icing by Marek Zagrapan.
3:45 of 1st period - Marek Zagrapan wins face-off versus Tomas Kana in Influenza zone.
3:45 of 1st period - Marek Zagrapan is hit by Jean-François Jacques.
3:51 of 1st period - Matt Carle is hit by Blake Comeau.
4:13 of 1st period - Wrist shot by Rob Schremp.
4:13 of 1st period - Shot Misses the Net.
4:15 of 1st period - Slapshot by Robbie Earl.
4:15 of 1st period - Stopped by Erik Ersberg with a rebound.
4:17 of 1st period - Slapshot by Martins Karsums.
4:17 of 1st period - Stopped by Erik Ersberg with a rebound.
4:55 of 1st period - Jamie Lundmark is hit by Lasse Kukkonen.
5:27 of 1st period - Lasse Kukkonen is hit by Jamie Lundmark and loses puck.
6:02 of 1st period - Todd Marchant is hit by Cody McCormick and loses puck.
6:20 of 1st period - Icing by Nolan Baumgartner.
6:21 of 1st period - Marek Zagrapan wins face-off versus Brock Trotter in Staline zone.
7:49 of 1st period - Icing by Mark Stuart.
7:50 of 1st period - Marek Zagrapan wins face-off versus Todd Marchant in Staline zone.
8:13 of 1st period - Snap shot by Todd Marchant.
8:13 of 1st period - Deflect By Lasse Kukkonen.
8:13 of 1st period - Shot Misses the Net.
8:13 of 1st period - Puck is out of play.
8:14 of 1st period - Jamie Lundmark wins face-off versus Ryan Carter in Influenza zone.
8:53 of 1st period - Nathan Smith is hit by Lasse Kukkonen and loses puck.
10:02 of 1st period - Nathan Smith is hit by Tim Gleason and loses puck.
11:01 of 1st period - Minor Penalty to Robbie Earl for Hooking.
11:02 of 1st period - Jamie Lundmark wins face-off versus Ryan Carter in Influenza zone.
12:26 of 1st period - Lasse Kukkonen is hit by Todd Marchant and loses puck.
12:37 of 1st period - Snap shot by Todd Marchant.
12:37 of 1st period - Shot Blocked by Cody McCormick.
13:01 of 1st period - Penalty to Robbie Earl is over, Robbie Earl is back on ice.
13:15 of 1st period - Snap shot by Colton Orr.
13:15 of 1st period - Shot Misses the Net.
13:33 of 1st period - Wrist shot by Ryan Vesce.
13:33 of 1st period - Stopped by Erik Ersberg without a rebound.
13:34 of 1st period - Marek Zagrapan wins face-off versus Nathan Smith in Staline zone.
13:35 of 1st period - Slapshot by Lasse Kukkonen.
13:35 of 1st period - Stopped by Erik Ersberg without a rebound.
13:36 of 1st period - Nathan Smith wins face-off versus Justin Abdelkader in Staline zone.
13:49 of 1st period - Snap shot by Nathan Smith.
13:49 of 1st period - Stopped by Alex Stalock with a rebound.
14:09 of 1st period - Slapshot by Martins Karsums.
14:09 of 1st period - Shot Misses the Net.
14:11 of 1st period - Slapshot by Tim Gleason.
14:11 of 1st period - Stopped by Erik Ersberg with a rebound.
14:25 of 1st period - Colton Orr is hit by Josh Green and loses puck.
14:30 of 1st period - Snap shot by J.T. Wyman.
14:30 of 1st period - Goal by J.T. Wyman - Staline : 1 - Influenza : 0.
14:31 of 1st period - Jamie Lundmark wins face-off versus Ryan Carter in neutral zone.
14:44 of 1st period - Slapshot by Ryan Carter.
14:44 of 1st period - Stopped by Erik Ersberg with a rebound.
14:56 of 1st period - Snap shot by Martins Karsums.
14:56 of 1st period - Stopped by Erik Ersberg with a rebound.
14:58 of 1st period - Snap shot by Rob Schremp.
14:58 of 1st period - Shot Misses the Net.
15:02 of 1st period - Snap shot by Martins Karsums.
15:02 of 1st period - Deflect By Robbie Earl.
15:02 of 1st period - Shot Misses the Net.
15:02 of 1st period - Puck is out of play.
15:03 of 1st period - Ryan Carter wins face-off versus Jamie Lundmark in Staline zone.
15:26 of 1st period - Rob Schremp is hit by Nolan Baumgartner and loses puck.
16:32 of 1st period - Snap shot by Brock Trotter.
16:32 of 1st period - Stopped by Alex Stalock without a rebound.
16:33 of 1st period - Ryan Carter wins face-off versus Nathan Smith in Influenza zone.
17:46 of 1st period - Charles Linglet is hit by Jean-François Jacques.
17:50 of 1st period - Wrist shot by Jamie Lundmark.
17:50 of 1st period - Deflect By Tomas Kana.
17:50 of 1st period - Shot Blocked by Jaime Sifers.
17:50 of 1st period - Puck is out of play.
17:51 of 1st period - Jamie Lundmark wins face-off versus Ryan Carter in Influenza zone.
18:04 of 1st period - Snap shot by Blake Comeau.
18:04 of 1st period - Stopped by Erik Ersberg with a rebound.
18:06 of 1st period - Wrist shot by Ryan Carter.
18:06 of 1st period - Goal by Ryan Carter - Staline : 1 - Influenza : 1.
18:07 of 1st period - Jamie Lundmark wins face-off versus Ryan Carter in neutral zone.
18:10 of 1st period - Snap shot by Robert Dome.
18:10 of 1st period - Stopped by Alex Stalock with a rebound.
18:56 of 1st period - Minor Penalty to J.T. Wyman for Tripping.
18:57 of 1st period - Ryan Carter wins face-off versus Jamie Lundmark in Staline zone.
19:02 of 1st period - Wrist shot by Blake Comeau.
19:02 of 1st period - Stopped by Erik Ersberg without a rebound.
19:03 of 1st period - Ryan Carter wins face-off versus Jamie Lundmark in Staline zone.
19:06 of 1st period - Wrist shot by Justin Abdelkader.
19:06 of 1st period - Shot Blocked by Todd Marchant.
19:08 of 1st period - Snap shot by Justin Abdelkader.
19:08 of 1st period - Stopped by Erik Ersberg with a rebound.
19:10 of 1st period - Slapshot by Lasse Kukkonen.
19:10 of 1st period - Shot Blocked by Matt Carle.
19:12 of 1st period - Wrist shot by Lasse Kukkonen.
19:12 of 1st period - Deflect By Justin Abdelkader.
19:12 of 1st period - Shot Misses the Net.
19:12 of 1st period - Puck is out of play.
19:13 of 1st period - Jamie Lundmark wins face-off versus Ryan Carter in Staline zone.

2nd period


0:01 of 2nd period - Ryan Carter wins face-off versus Jamie Lundmark in neutral zone.
0:04 of 2nd period - Slapshot by Lasse Kukkonen.
0:04 of 2nd period - Stopped by Erik Ersberg with a rebound.
0:56 of 2nd period - Penalty to J.T. Wyman is over, J.T. Wyman is back on ice.
1:30 of 2nd period - Slapshot by Martins Karsums.
1:30 of 2nd period - Stopped by Erik Ersberg with a rebound.
1:32 of 2nd period - Snap shot by Lasse Kukkonen.
1:32 of 2nd period - Stopped by Erik Ersberg without a rebound.
1:33 of 2nd period - Jamie Lundmark wins face-off versus Rob Schremp in Staline zone.
1:33 of 2nd period - Jamie Lundmark is hit by Rob Schremp.
2:42 of 2nd period - Slapshot by Ryan Vesce.
2:42 of 2nd period - Deflect By Matt Generous.
2:42 of 2nd period - Shot Misses the Net.
2:42 of 2nd period - Puck is out of play.
2:43 of 2nd period - Marek Zagrapan wins face-off versus Jamie Lundmark in Staline zone.
2:54 of 2nd period - Backhand shot by Lasse Kukkonen.
2:54 of 2nd period - Deflect By Robert Dome.
2:54 of 2nd period - Stopped by Erik Ersberg with a rebound.
2:56 of 2nd period - Wrist shot by Charles Linglet.
2:56 of 2nd period - Stopped by Erik Ersberg without a rebound.
2:57 of 2nd period - Todd Marchant wins face-off versus Justin Abdelkader in Staline zone.
2:57 of 2nd period - Todd Marchant is hit by Tim Gleason.
3:05 of 2nd period - Ryan Carter is hit by Josh Green.
3:09 of 2nd period - Lasse Kukkonen is hit by Todd Marchant and loses puck.
3:28 of 2nd period - Off-side.
3:29 of 2nd period - Rob Schremp wins face-off versus Jamie Lundmark in neutral zone.
3:44 of 2nd period - Wrist shot by Jamie Lundmark.
3:44 of 2nd period - Stopped by Alex Stalock with a rebound.
3:54 of 2nd period - Josh Green is hit by Ryan Carter and loses puck.
4:39 of 2nd period - Minor Penalty to Rob Schremp for Hooking.
4:39 of 2nd period - Minor Penalty to Cam Janssen for Hooking.
4:40 of 2nd period - Ryan Carter wins face-off versus Jamie Lundmark in neutral zone.
4:53 of 2nd period - Snap shot by Jamie Lundmark.
4:53 of 2nd period - Shot Misses the Net.
5:07 of 2nd period - Nolan Baumgartner is hit by Ryan Carter and loses puck.
5:57 of 2nd period - Wrist shot by Todd Marchant.
5:57 of 2nd period - Shot Misses the Net.
6:12 of 2nd period - Icing by Mark Stuart.
6:13 of 2nd period - Cody McCormick wins face-off versus Brock Trotter in Staline zone.
6:36 of 2nd period - Lasse Kukkonen is hit by Todd Marchant and loses puck.
6:39 of 2nd period - Penalty to Rob Schremp is over, Rob Schremp is back on ice.
6:39 of 2nd period - Penalty to Cam Janssen is over, Cam Janssen is back on ice.
6:57 of 2nd period - Todd Marchant is hit by Rob Schremp and loses puck.
7:03 of 2nd period - Off-side.
7:04 of 2nd period - Rob Schremp wins face-off versus Nathan Smith in neutral zone.
7:41 of 2nd period - Wrist shot by Robert Dome.
7:41 of 2nd period - Stopped by Alex Stalock with a rebound.
7:43 of 2nd period - Snap shot by Mark Stuart.
7:43 of 2nd period - Stopped by Alex Stalock with a rebound.
7:45 of 2nd period - Snap shot by Jamie Lundmark.
7:45 of 2nd period - Stopped by Alex Stalock without a rebound.
7:46 of 2nd period - Cody McCormick wins face-off versus Jamie Lundmark in Influenza zone.
8:13 of 2nd period - Off-side.
8:14 of 2nd period - Rob Schremp wins face-off versus Todd Marchant in neutral zone.
8:25 of 2nd period - Snap shot by Rob Schremp.
8:25 of 2nd period - Shot Misses the Net.
8:27 of 2nd period - Slapshot by Tim Gleason.
8:27 of 2nd period - Shot Blocked by Todd Marchant.
8:29 of 2nd period - Wrist shot by Martins Karsums.
8:29 of 2nd period - Stopped by Erik Ersberg with a rebound.
8:31 of 2nd period - Wrist shot by Robbie Earl.
8:31 of 2nd period - Stopped by Erik Ersberg with a rebound.
8:33 of 2nd period - Slapshot by Tim Gleason.
8:33 of 2nd period - Stopped by Erik Ersberg with a rebound.
8:35 of 2nd period - Slapshot by Lasse Kukkonen.
8:35 of 2nd period - Shot Misses the Net.
8:37 of 2nd period - Slapshot by Robbie Earl.
8:37 of 2nd period - Deflect By Rob Schremp.
8:37 of 2nd period - Stopped by Erik Ersberg with a rebound.
8:39 of 2nd period - Snap shot by Robbie Earl.
8:39 of 2nd period - Shot Blocked by Todd Marchant.
8:43 of 2nd period - Snap shot by Martins Karsums.
8:43 of 2nd period - Shot Misses the Net.
8:45 of 2nd period - Slapshot by Tim Gleason.
8:45 of 2nd period - Shot Blocked by Mark Stuart.
8:49 of 2nd period - Snap shot by Rob Schremp.
8:49 of 2nd period - Shot Misses the Net.
8:51 of 2nd period - Snap shot by Lasse Kukkonen.
8:51 of 2nd period - Stopped by Erik Ersberg with a rebound.
8:53 of 2nd period - Slapshot by Tim Gleason.
8:53 of 2nd period - Stopped by Erik Ersberg with a rebound.
9:25 of 2nd period - Slapshot by Martins Karsums.
9:25 of 2nd period - Shot Misses the Net.
9:27 of 2nd period - Snap shot by Robbie Earl.
9:27 of 2nd period - Stopped by Erik Ersberg without a rebound.
9:28 of 2nd period - Ryan Carter wins face-off versus Robert Dome in Staline zone.
9:35 of 2nd period - Snap shot by Blake Comeau.
9:35 of 2nd period - Shot Misses the Net.
9:37 of 2nd period - Slapshot by Alexander Sulzer.
9:37 of 2nd period - Stopped by Erik Ersberg without a rebound.
9:38 of 2nd period - Robert Dome wins face-off versus Blake Comeau in Staline zone.
9:42 of 2nd period - Off-side.
9:43 of 2nd period - Jamie Lundmark wins face-off versus Ryan Carter in neutral zone.
9:58 of 2nd period - Snap shot by Justin Abdelkader.
9:58 of 2nd period - Stopped by Erik Ersberg with a rebound.
10:08 of 2nd period - Robert Dome is hit by Charles Linglet and loses puck.
10:38 of 2nd period - Backhand shot by Matt Carle.
10:38 of 2nd period - Stopped by Alex Stalock without a rebound.
10:39 of 2nd period - Ryan Carter wins face-off versus Todd Marchant in Influenza zone.
10:52 of 2nd period - Wrist shot by Justin Abdelkader.
10:52 of 2nd period - Goal by Justin Abdelkader - Staline : 1 - Influenza : 2.
10:53 of 2nd period - Ryan Carter wins face-off versus Jamie Lundmark in neutral zone.
11:46 of 2nd period - Snap shot by Jamie Lundmark.
11:46 of 2nd period - Stopped by Alex Stalock with a rebound.
11:52 of 2nd period - Jamie Lundmark is hit by Ryan Russell and loses puck.
12:51 of 2nd period - Slapshot by Martins Karsums.
12:51 of 2nd period - Stopped by Erik Ersberg with a rebound.
12:53 of 2nd period - Slapshot by Jamie McBain.
12:53 of 2nd period - Goal by Jamie McBain - Staline : 1 - Influenza : 3.
12:54 of 2nd period - Ryan Carter wins face-off versus Todd Marchant in neutral zone.
12:57 of 2nd period - Snap shot by Ryan Carter.
12:57 of 2nd period - Stopped by Erik Ersberg with a rebound.
13:03 of 2nd period - Snap shot by Blake Comeau.
13:03 of 2nd period - Shot Misses the Net.
13:07 of 2nd period - Wrist shot by Justin Abdelkader.
13:07 of 2nd period - Shot Misses the Net.
13:09 of 2nd period - Snap shot by Justin Abdelkader.
13:09 of 2nd period - Goal by Justin Abdelkader - Staline : 1 - Influenza : 4.
13:10 of 2nd period - Ryan Carter wins face-off versus Jamie Lundmark in neutral zone.
13:13 of 2nd period - Cam Janssen is hit by Justin Abdelkader and loses puck.
13:20 of 2nd period - Snap shot by Justin Abdelkader.
13:20 of 2nd period - Shot Blocked by Nolan Baumgartner.
13:38 of 2nd period - Slapshot by Rob Schremp.
13:38 of 2nd period - Deflect By Robbie Earl.
13:38 of 2nd period - Stopped by Erik Ersberg with a rebound.
14:28 of 2nd period - Wrist shot by Ryan Vesce.
14:28 of 2nd period - Shot Misses the Net.
14:30 of 2nd period - Backhand shot by Lasse Kukkonen.
14:30 of 2nd period - Goal by Lasse Kukkonen - Staline : 1 - Influenza : 5.
14:31 of 2nd period - Cam Janssen wins face-off versus Blake Comeau in neutral zone.
14:38 of 2nd period - Snap shot by Robert Dome.
14:38 of 2nd period - Stopped by Alex Stalock with a rebound.
14:46 of 2nd period - Slapshot by Mark Stuart.
14:46 of 2nd period - Shot Misses the Net.
15:04 of 2nd period - Wrist shot by Martins Karsums.
15:04 of 2nd period - Shot Misses the Net.
15:40 of 2nd period - Marek Zagrapan is hit by Matt Carle and loses puck.
16:17 of 2nd period - Wrist shot by Jamie Lundmark.
16:17 of 2nd period - Goal by Jamie Lundmark - Staline : 2 - Influenza : 5.
16:18 of 2nd period - Jamie Lundmark wins face-off versus Ryan Carter in neutral zone.
16:43 of 2nd period - Jaime Sifers is hit by Josh Green and loses puck.
17:03 of 2nd period - Snap shot by Robbie Earl.
17:03 of 2nd period - Shot Misses the Net.
17:05 of 2nd period - Slapshot by Jaime Sifers.
17:05 of 2nd period - Deflect By Cody McCormick.
17:05 of 2nd period - Stopped by Erik Ersberg with a rebound.
17:07 of 2nd period - Snap shot by Colton Orr.
17:07 of 2nd period - Stopped by Erik Ersberg without a rebound.
17:08 of 2nd period - Jamie Lundmark wins face-off versus Colton Orr in Staline zone.
17:08 of 2nd period - Jamie Lundmark is hit by Colton Orr.
17:18 of 2nd period - Snap shot by Robert Dome.
17:18 of 2nd period - Stopped by Alex Stalock with a rebound.
17:20 of 2nd period - Slapshot by Nolan Baumgartner.
17:20 of 2nd period - Shot Misses the Net.
17:22 of 2nd period - Slapshot by Nolan Baumgartner.
17:22 of 2nd period - Stopped by Alex Stalock with a rebound.
17:24 of 2nd period - Slapshot by Nolan Baumgartner.
17:24 of 2nd period - Shot Misses the Net.
18:40 of 2nd period - Wrist shot by Josh Green.
18:40 of 2nd period - Shot Misses the Net.
18:42 of 2nd period - Slapshot by Josh Green.
18:42 of 2nd period - Stopped by Alex Stalock with a rebound.
18:44 of 2nd period - Slapshot by Matt Carle.
18:44 of 2nd period - Deflect By Todd Marchant.
18:44 of 2nd period - Stopped by Alex Stalock without a rebound.
18:45 of 2nd period - Ryan Carter wins face-off versus Jamie Lundmark in Influenza zone.
18:56 of 2nd period - Snap shot by Justin Abdelkader.
18:56 of 2nd period - Goal by Justin Abdelkader - Staline : 2 - Influenza : 6.
18:57 of 2nd period - Jamie Lundmark wins face-off versus Ryan Carter in neutral zone.
19:11 of 2nd period - Wrist shot by Robert Dome.
19:11 of 2nd period - Shot Misses the Net.
19:23 of 2nd period - Todd Marchant is hit by Tim Gleason and loses puck.
19:42 of 2nd period - J.T. Wyman is hit by Colton Orr and loses puck.
19:51 of 2nd period - Tim Gleason is hit by Josh Green and loses puck.

3rd period


0:01 of 3rd period - Ryan Carter wins face-off versus Jamie Lundmark in neutral zone.
0:12 of 3rd period - Robert Dome is hit by Blake Comeau and loses puck.
0:56 of 3rd period - Snap shot by Brock Trotter.
0:56 of 3rd period - Stopped by Alex Stalock without a rebound.
0:57 of 3rd period - Ryan Carter wins face-off versus Jamie Lundmark in Influenza zone.
1:22 of 3rd period - Martins Karsums is hit by J.T. Wyman and loses puck.
1:47 of 3rd period - Wrist shot by Nathan Smith.
1:47 of 3rd period - Stopped by Alex Stalock with a rebound.
1:49 of 3rd period - Snap shot by Raymond Sawada.
1:49 of 3rd period - Deflect By Nathan Smith.
1:49 of 3rd period - Stopped by Alex Stalock with a rebound.
1:51 of 3rd period - Slapshot by Raymond Sawada.
1:51 of 3rd period - Deflect By Nathan Smith.
1:51 of 3rd period - Stopped by Alex Stalock with a rebound.
1:56 of 3rd period - Icing by Charles Linglet.
1:57 of 3rd period - Robert Dome wins face-off versus Marek Zagrapan in Influenza zone.
2:00 of 3rd period - Slapshot by Robert Dome.
2:00 of 3rd period - Shot Misses the Net.
2:32 of 3rd period - Snap shot by Charles Linglet.
2:32 of 3rd period - Stopped by Erik Ersberg without a rebound.
2:33 of 3rd period - Ryan Carter wins face-off versus Todd Marchant in Staline zone.
2:33 of 3rd period - Minor Penalty to J.T. Wyman for Hooking.
2:34 of 3rd period - Jamie Lundmark wins face-off versus Ryan Carter in Staline zone.
2:41 of 3rd period - Slapshot by Blake Comeau.
2:41 of 3rd period - Shot Misses the Net.
2:43 of 3rd period - Snap shot by Blake Comeau.
2:43 of 3rd period - Shot Blocked by Mark Stuart.
2:45 of 3rd period - Slapshot by Ryan Carter.
2:45 of 3rd period - Deflect By Justin Abdelkader.
2:45 of 3rd period - Shot Misses the Net.
2:45 of 3rd period - Puck is out of play.
2:46 of 3rd period - Ryan Carter wins face-off versus Jamie Lundmark in Staline zone.
3:11 of 3rd period - Matt Carle is hit by Lasse Kukkonen and loses puck.
3:46 of 3rd period - Wrist shot by Brock Trotter.
3:46 of 3rd period - Stopped by Alex Stalock with a rebound.
4:04 of 3rd period - Alexander Sulzer is hit by Matt Carle and loses puck.
4:13 of 3rd period - Snap shot by Robert Dome.
4:13 of 3rd period - Deflect By Josh Green.
4:13 of 3rd period - Shot Blocked by Jaime Sifers.
4:13 of 3rd period - Puck is out of play.
4:14 of 3rd period - Jamie Lundmark wins face-off versus Rob Schremp in Influenza zone.
4:33 of 3rd period - Penalty to J.T. Wyman is over, J.T. Wyman is back on ice.
4:49 of 3rd period - Slapshot by Brock Trotter.
4:49 of 3rd period - Stopped by Alex Stalock without a rebound.
4:50 of 3rd period - Rob Schremp wins face-off versus Nathan Smith in Influenza zone.
5:12 of 3rd period - Icing by Rob Schremp.
5:13 of 3rd period - Cody McCormick wins face-off versus Jamie Lundmark in Influenza zone.
5:13 of 3rd period - Cody McCormick is hit by Cam Janssen.
5:24 of 3rd period - Wrist shot by Robert Dome.
5:24 of 3rd period - Shot Blocked by Cody McCormick.
5:26 of 3rd period - Snap shot by Jamie Lundmark.
5:26 of 3rd period - Shot Blocked by Tim Gleason.
5:43 of 3rd period - Slapshot by Josh Green.
5:43 of 3rd period - Shot Misses the Net.
5:45 of 3rd period - Wrist shot by Todd Marchant.
5:45 of 3rd period - Shot Misses the Net.
5:47 of 3rd period - Snap shot by Maxime Fortunus.
5:47 of 3rd period - Shot Blocked by Tim Gleason.
6:03 of 3rd period - Snap shot by Raymond Sawada.
6:03 of 3rd period - Shot Misses the Net.
6:09 of 3rd period - Raymond Sawada is hit by Martins Karsums and loses puck.
7:21 of 3rd period - Raymond Sawada is hit by Jamie McBain and loses puck.
7:46 of 3rd period - Nolan Baumgartner is hit by Ryan Vesce and loses puck.
8:03 of 3rd period - Backhand shot by Lasse Kukkonen.
8:03 of 3rd period - Stopped by Erik Ersberg with a rebound.
8:05 of 3rd period - Snap shot by Colton Orr.
8:05 of 3rd period - Deflect By Cody McCormick.
8:05 of 3rd period - Stopped by Erik Ersberg without a rebound.
8:06 of 3rd period - Nathan Smith wins face-off versus Ryan Carter in Staline zone.
8:59 of 3rd period - Wrist shot by Robert Dome.
8:59 of 3rd period - Deflect By Carl Gunnarsson.
8:59 of 3rd period - Shot Misses the Net.
8:59 of 3rd period - Puck is out of play.
9:00 of 3rd period - Jamie Lundmark wins face-off versus Ryan Vesce in Influenza zone.
10:13 of 3rd period - Jamie Lundmark is hit by Alexander Sulzer and loses puck.
10:23 of 3rd period - Minor Penalty to J.T. Wyman for Tripping.
10:24 of 3rd period - Todd Marchant wins face-off versus Ryan Carter in Staline zone.
10:24 of 3rd period - Todd Marchant is hit by Tim Gleason.
10:34 of 3rd period - Slapshot by Lasse Kukkonen.
10:34 of 3rd period - Shot Blocked by T.J. Fast.
10:36 of 3rd period - Snap shot by Ryan Carter.
10:36 of 3rd period - Stopped by Erik Ersberg with a rebound.
10:38 of 3rd period - Wrist shot by Justin Abdelkader.
10:38 of 3rd period - Goal by Justin Abdelkader - Staline : 2 - Influenza : 7.
10:39 of 3rd period - Ryan Carter wins face-off versus Cam Janssen in neutral zone.
11:05 of 3rd period - Matt Generous is hit by Rob Schremp and loses puck.
12:12 of 3rd period - Wrist shot by Justin Abdelkader.
12:12 of 3rd period - Stopped by Erik Ersberg with a rebound.
12:14 of 3rd period - Slapshot by Blake Comeau.
12:14 of 3rd period - Deflect By Justin Abdelkader.
12:14 of 3rd period - Stopped by Erik Ersberg with a rebound.
12:16 of 3rd period - Slapshot by Jamie McBain.
12:16 of 3rd period - Deflect By Justin Abdelkader.
12:16 of 3rd period - Stopped by Erik Ersberg without a rebound.
12:17 of 3rd period - Todd Marchant wins face-off versus Ryan Carter in Staline zone.
12:44 of 3rd period - Lasse Kukkonen is hit by Nolan Baumgartner and loses puck.
13:35 of 3rd period - Snap shot by Matt Carle.
13:35 of 3rd period - Shot Blocked by Alexander Sulzer.
13:44 of 3rd period - Minor Penalty to Matt Carle for Slashing.
13:45 of 3rd period - Jamie Lundmark wins face-off versus Ryan Carter in Staline zone.
13:53 of 3rd period - Snap shot by Justin Abdelkader.
13:53 of 3rd period - Goal by Justin Abdelkader - Staline : 2 - Influenza : 8.
13:54 of 3rd period - Jamie Lundmark wins face-off versus Ryan Carter in neutral zone.
13:57 of 3rd period - Backhand shot by Nolan Baumgartner.
13:57 of 3rd period - Stopped by Alex Stalock without a rebound.
13:58 of 3rd period - Ryan Carter wins face-off versus Robert Dome in Influenza zone.
14:08 of 3rd period - Off-side.
14:09 of 3rd period - Ryan Carter wins face-off versus Jamie Lundmark in neutral zone.
14:22 of 3rd period - Wrist shot by Jamie Lundmark.
14:22 of 3rd period - Shot Misses the Net.
14:24 of 3rd period - Snap shot by Cam Janssen.
14:24 of 3rd period - Shot Blocked by Justin Abdelkader.
14:54 of 3rd period - Off-side.
14:55 of 3rd period - Cody McCormick wins face-off versus Nathan Smith in neutral zone.
16:42 of 3rd period - Josh Green is hit by Lasse Kukkonen and loses puck.
17:24 of 3rd period - Raymond Sawada is hit by Alexander Sulzer and loses puck.
17:35 of 3rd period - Snap shot by Marek Zagrapan.
17:35 of 3rd period - Shot Misses the Net.
18:45 of 3rd period - Slapshot by Tim Gleason.
18:45 of 3rd period - Deflect By Nolan Baumgartner.
18:45 of 3rd period - Stopped by Erik Ersberg with a rebound.
19:15 of 3rd period - Nathan Smith is hit by Alexander Sulzer and loses puck.
19:28 of 3rd period - Cam Janssen is hit by Jaime Sifers.
19:58 of 3rd period - Icing by Mike Sauer.
19:59 of 3rd period - Tomas Kana wins face-off versus Cody McCormick in Staline zone.


Output by the SimonT Hockey Simulator (STHS) for François Prévost -- Original Page W3C XHTML 1.0 Valid
Hockey Simulator - Hockey Simulation - Hockey Manager